AoeStats
← Bacus8

African Clearing

510614285Analyzed
4v4 RM · 2d ago on Oct 1, 2026· 69m 59s· 8 players
Game mode
Random Map
Map size
Large (8 player)
Population
200
Speed
Normal
Resources
Standard
Victory
Conquest
Starting age
Dark Age
Ending age
Imperial Age
RankedLock teamsTeams togetherTeam positionsShared explorationLock speedFull tech treeHidden civsTurbo modeCheats
Victory
Defeat
🇨🇿 Mongols · Czechia
1027
+15
🇳🇴 Huns · Norway
990
+16
🇪🇸 Saracens · Spain
983
+17
🇪🇸 Teutons · Spain
967
+17
🇺🇸 Japanese · United States
1074
-19
🇲🇽 Vikings · Mexico
1064
-18
🇹🇼 Magyars · Taiwan
985
-16
🇪🇸 Maya · Spain
880
-12
Bacus8
14:47 Feudal Age
15:00 Man-at-Arms
22:51 Castle Age
22:46 Fletching
22:45 Double-Bit Axe
28:42 Bow Saw
28:15 Horse Collar
28:22 Pikeman
29:14 Gambesons
29:45 Squires
31:25 Heavy Plow
35:14 Forging
35:05 Scale Mail Armor
35:01 Bodkin Arrow
37:44 Wheelbarrow
36:55 Loom
38:07 Iron Casting
37:48 Chain Mail Armor
41:03 Imperial Age
38:52 Hand Cart
38:24 Town Watch
41:00 Padded Archer Armor
42:27 Conscription
41:31 Elite Teutonic Knight
47:56 Crenellations
48:20 Plate Mail Armor
50:40 Crop Rotation
55:11 Leather Archer Armor
55:57 Blast Furnace
56:01 Chemistry
55:21 Ballistics
54:47 Elite Skirmisher
57:32 Two-Man Saw
58:05 Halberdier
58:05 Long Swordsman
58:31 Arson
59:02 Masonry
58:57 Siege Engineers
59:02 Careening
59:03 Clinker Construction
59:04 Fortified Wall
58:44 Heated Shot
59:15 Bombard Tower
58:40 Arrowslits
58:46 Guard Tower
59:01 Siphons
61:14 Scale Barding Armor
61:39 Ring Archer Armor
60:36 Cavalier
61:27 Bloodlines
61:40 Paladin
65:23 Gold Mining
65:23 Stone Mining
rovaal5
5:22 Loom
16:33 Feudal Age
21:31 Gold Mining
22:59 Fletching
24:49 Horse Collar
27:31 Castle Age
26:01 Arson
25:53 Man-at-Arms
28:14 Squires
31:47 Gambesons
35:10 Sanctity
37:33 Bimaristan
37:32 Husbandry
38:26 Wheelbarrow
38:49 Bloodlines
44:35 Hand Cart
44:59 Stone Mining
45:20 Double-Bit Axe
45:43 Scale Barding Armor
47:01 Chain Barding Armor
46:52 Elite Skirmisher
47:37 Thumb Ring
49:07 Forging
48:53 Bodkin Arrow
49:00 Padded Archer Armor
49:42 Bodkin Arrow
54:54 Imperial Age
54:23 Leather Archer Armor
54:46 Iron Casting
56:02 Conscription
59:01 Ballistics
59:43 Chemistry
59:53 Murder Holes
60:56 Elite Mameluke
62:25 Heavy Plow
66:25 Counterweights
69:24 Bracer
70:27 Blast Furnace
MuffeLure
14:26 Feudal Age
22:58 Castle Age
23:13 Horse Collar
23:22 Double-Bit Axe
25:55 Wheelbarrow
25:15 Fletching
25:35 Gold Mining
30:17 Hand Cart
30:39 Husbandry
34:52 Thumb Ring
36:55 Elite Skirmisher
37:34 Bodkin Arrow
37:40 Padded Archer Armor
38:57 Bloodlines
40:06 Gold Shaft Mining
38:58 Pikeman
40:25 Ballistics
41:26 Scale Mail Armor
41:36 Forging
45:24 Chain Mail Armor
45:44 Iron Casting
45:15 Scale Barding Armor
50:21 Imperial Age
50:04 Leather Archer Armor
50:11 Chain Barding Armor
52:12 Cavalier
53:40 Bracer
54:45 Chemistry
56:02 Blast Furnace
55:37 Plate Barding Armor
54:26 Paladin
56:34 Paladin
Quelt
7:11 Loom
14:22 Feudal Age
15:43 Wheelbarrow
20:20 Castle Age
20:39 Double-Bit Axe
24:19 Forging
24:47 Bloodlines
25:08 Husbandry
30:06 Iron Casting
29:57 Bow Saw
30:08 Horse Collar
32:35 Scale Barding Armor
35:17 Nomads
39:56 Imperial Age
39:38 Heavy Plow
41:59 Blast Furnace
41:50 Chain Barding Armor
40:59 Elite Steppe Lancer
43:15 Fletching
44:57 Gold Mining
44:58 Stone Mining
48:29 Stone Shaft Mining
48:07 Siege Engineers
48:26 Ballistics
48:35 Bodkin Arrow
64:36 Gold Shaft Mining
67:52 Conscription
67:26 Town Watch
67:56 Hand Cart
68:53 Fervor
Sgt. Shaftoe
9:58 Loom
15:42 Feudal Age
21:25 Fletching
21:31 Man-at-Arms
24:09 Arson
24:49 Horse Collar
31:28 Castle Age
30:21 Double-Bit Axe
31:03 Stone Mining
31:06 Gold Mining
32:09 Forging
32:08 Scale Barding Armor
35:35 Long Swordsman
36:00 Gambesons
39:26 Gold Shaft Mining
43:42 Wheelbarrow
43:59 Iron Casting
43:25 Scale Mail Armor
50:29 Squires
53:48 Imperial Age
53:04 Yasama
53:54 Bow Saw
54:02 Hand Cart
53:32 Town Watch
54:56 Conscription
56:05 Kataparuto
56:50 Town Patrol
56:39 Pikeman
57:04 Two-Handed Swordsman
62:09 Heavy Plow
Orsai.exe
15:08 Feudal Age
13:38 Loom
16:01 Double-Bit Axe
20:12 Castle Age
19:59 Gold Mining
21:01 Squires
21:34 Town Watch
22:43 Town Patrol
23:30 Bow Saw
28:16 Horse Collar
30:13 Heavy Plow
35:01 Imperial Age
32:53 Scale Mail Armor
33:04 Forging
33:24 Crossbowman
36:11 Conscription
36:11 Elite Varangian Guard
38:57 Arson
38:41 Arbalester
41:40 Chieftains
42:01 Fletching
42:27 Chain Mail Armor
43:29 Bodkin Arrow
44:40 Chemistry
45:02 Bracer
45:34 Plate Mail Armor
45:40 Iron Casting
45:29 Fortified Wall
45:19 Murder Holes
46:30 Padded Archer Armor
47:58 Leather Archer Armor
48:19 Iron Casting
48:54 Elite Berserk
51:37 Hoardings
53:06 Bogsveigar
62:43 Ring Archer Armor
SGTSanju
14:18 Feudal Age
15:08 Double-Bit Axe
23:55 Castle Age
22:08 Fletching
22:18 Padded Archer Armor
23:27 Fishing Lines
28:39 Gillnets
30:23 Bow Saw
33:12 Bodkin Arrow
33:32 Leather Archer Armor
33:54 Crossbowman
34:39 Thumb Ring
35:30 Wheelbarrow
38:00 Hand Cart
38:08 Gold Mining
38:08 Stone Mining
42:12 Imperial Age
43:15 Arbalester
47:57 Elite Plumed Archer
48:45 Heated Shot
49:15 Ballistics
49:38 Bracer
50:08 Ring Archer Armor
jerry80tim
15:38 Feudal Age
17:18 Bloodlines
18:12 Wheelbarrow
17:52 Double-Bit Axe
19:32 Scale Barding Armor
20:35 Loom
28:58 Castle Age
Connection lost

Rejoining the realm…

Still unreachable

The connection could not be restored.

Session expired

The server has moved on; the page needs a fresh start.